 Dungeon Crawl Stone Soup version 0.23.0 (webtiles) character file.

Game seed: 7134394433815174532

203 MovingMist the Covered (level 5, 0/34 HPs)
             Began as a Gargoyle Fighter on Feb 18, 2019.
             Slain by a gnoll
             ... wielding a +0 halberd
              (5 damage)
             ... on level 3 of the Dungeon.
             The game lasted 00:06:15 (2122 turns).

MovingMist the Covered (Gargoyle Fighter)           Turns: 2122, Time: 00:06:15

Health: 0/34       AC: 13    Str: 19    XL:     5   Next: 81%
Magic:  5/5        EV:  5    Int:  9    God:
Gold:   92         SH:  9    Dex: 10    Spells: 4/4 levels left

rFire    . . .     SeeInvis .   a - +0 flail
rCold    . . .     Gourm    .   c - +0 shield
rNeg     + . .     Faith    .   n - +0 chain mail
rPois    ∞         Spirit   .   (no helmet)
rElec    +         Reflect  .   (no cloak)
rCorr    .         Harm     .   (no gloves)
MR       .....                  (no boots)
Stlth    ..........             (no amulet)
HPRegen  0.11/turn              (no ring)
MPRegen  0.09/turn              (no ring)

@: no status effects
A: negative energy resistance 1, electricity resistance, unbreathing,
petrification resistance, rot immunity, AC +4
a: no special abilities


You were on level 3 of the Dungeon.
You were not hungry.

You visited 1 branch of the dungeon, and saw 3 of its levels.

You collected 92 gold pieces.

Inventory:

Hand Weapons
 a - a +0 flail (weapon)
Armour
 c - a +0 shield (worn)
 n - a +0 chain mail (worn)
Jewellery
 o - an uncursed ring of resist corrosion {unknown}
Scrolls
 b - a scroll of enchant armour {unknown}
 h - 3 scrolls of remove curse {unknown}
 i - a scroll of amnesia {unknown}
 j - 2 scrolls of identify {unknown}
 l - 2 scrolls of magic mapping {unknown}
 m - a scroll of blinking {unknown}
 q - 2 scrolls of immolation {unknown}
 u - a scroll of teleportation {unknown}
Potions
 d - 3 potions of might
 e - 3 potions of haste {unknown}
 g - a potion of degeneration {unknown}
 k - 2 potions of berserk rage {unknown}
 p - a potion of heal wounds {unknown}
 r - a potion of curing {unknown}
 t - a potion of invisibility {unknown}
Comestibles
 f - 3 rations
 s - 2 chunks of flesh


   Skills:
 + Level 4.4 Fighting
 + Level 3.3 Maces & Flails
 * Level 5.4 Armour
 - Level 3.2 Shields


You had 4 spell levels left.
You didn't know any spells.
Your spell library was empty.

Dungeon Overview and Level Annotations

Branches:
Dungeon (3/15)

Altars:
Fedhas
Ru


Innate Abilities, Weirdness & Mutations

You are resistant to torment.
Your stone body is resilient. (AC +4)
You are immune to poison.
You resist negative energy. (rN+)
You are resistant to electric shocks. (rElec)
You can survive without breathing.
You are immune to petrification.
You are immune to rotting.


Message History

The gnoll is almost dead.
The gnoll hits you but does no damage. x2
You sock the gnoll!
You kill the gnoll!
The gnoll hits you but does no damage.
Your shield and chain mail prevent you from hitting the gnoll.
The gnoll is severely wounded.
The gnoll hits you with a +0 halberd.
* * * LOW HITPOINT WARNING * * *
You barely miss the gnoll.
The gnoll is severely wounded.
The gnoll hits you with a +0 halberd.
* * * LOW HITPOINT WARNING * * *
You closely miss the gnoll.
The gnoll is severely wounded.
You block the gnoll's attack.
You barely miss the gnoll.
The gnoll is severely wounded.
The gnoll hits you with a +0 halberd.
You die...

#............#.#
#....#..........#
....##..........####
.### #......((.....#
## #...........###.# .
.............##.#
.........#####.))..#
....#...######.†$###.#
... #..........g@)...#
.. #.. .....#.#.....#
.....#.#.....# ....
#+#.....# .... ....#.#
... ..#.#.# ..#.. #
...+...


You could see a gnoll.

Vanquished Creatures
  Natasha (thrice) (D:2)
  3 gnolls (D:3)
  3 adders (D:2)
  3 dart slugs
  2 leopard geckos (D:2)
  9 bats
  3 giant cockroaches
  7 goblins
  7 hobgoblins
  6 jackals
  8 kobolds
  A quokka (D:2)
  2 ball pythons
  4 frilled lizards (D:2)
  4 rats
65 creatures vanquished.

Notes
Turn   | Place    | Note
-------+----------+-------------------------------------------
     0 | D:1      | MovingMist the Gargoyle Fighter began the quest for the
                  | Orb.
     0 | D:1      | Reached XP level 1. HP: 14/14 MP: 1/1
   119 | D:1      | Reached XP level 2. HP: 13/19 MP: 2/2
   363 | D:1      | Reached XP level 3. HP: 21/23 MP: 3/3
   365 | D:1      | Reached skill level 4 in Armour
  1017 | D:2      | Reached XP level 4. HP: 29/29 MP: 4/4
  1085 | D:2      | Found a sacrificial altar of Ru.
  1109 | D:2      | Noticed Natasha
  1116 | D:2      | Killed Natasha
  1447 | D:2      | Noticed Natasha
  1458 | D:2      | Killed Natasha
  1458 | D:2      | Reached skill level 5 in Armour
  1458 | D:2      | Reached XP level 5. HP: 33/33 MP: 5/5
  1705 | D:2      | Noticed Natasha
  1728 | D:2      | Killed Natasha
  2038 | D:3      | Found a blossoming altar of Fedhas.
  2122 | D:3      | Slain by a gnoll

Skill      XL: |  1  2  3  4 |
---------------+-------------+-----
Armour         | 4 5 |  5.4
Fighting       | 4 |  4.4
Maces & Flails | 3 |  3.3
Shields        | |  3.2

Action                   |  1- 3 |  4- 6 || total
-------------------------+-------+-------++-------
Melee: Flail             |   132 |   196 ||   328
  Eat: Chunk             |     1 |     2 ||     3
       Ration            |       |     1 ||     1
Armor: Scale mail        |    84 |       ||    84
       Chain mail        |     9 |   199 ||   208
Dodge: Dodged            |    40 |    67 ||   107
Block: Shield            |    78 |   157 ||   235
